AoeStats
← seanlin

Arena

509643486Analyzed
4v4 RM · 5d ago on Sep 27, 2026· 52m 10s· 8 players
Game mode
Random Map
Map size
Large (8 player)
Population
200
Speed
Normal
Resources
Standard
Victory
Conquest
Starting age
Dark Age
Ending age
Imperial Age
RankedLock teamsTeams togetherTeam positionsShared explorationLock speedFull tech treeHidden civsTurbo modeCheats
Victory
Defeat
🇨🇴 Cumans · Colombia
1014
+13
🇹🇼 Varangians · Taiwan
1011
+13
🇨🇳 Teutons · China
986
+14
🇨🇳 Mongols · China
981
+15
🇹🇼 Vikings · Taiwan
993
-15
🇹🇼 Teutons · Taiwan
957
-38
🇦🇷 Spanish · Argentina
952
-14
🇹🇼 Franks · Taiwan
905
-12
andres.sojo2809
4:31 Loom
10:59 Feudal Age
11:54 Double-Bit Axe
11:50 Horse Collar
17:19 Castle Age
15:14 Gold Mining
17:45 Pikeman
21:50 Town Watch
23:34 Heavy Plow
26:12 Fletching
33:02 Wheelbarrow
34:44 Stone Mining
35:58 Bodkin Arrow
37:51 Gold Shaft Mining
38:45 Padded Archer Armor
39:01 Bloodlines
41:53 Ballistics
44:07 Imperial Age
45:11 Hand Cart
44:59 Town Patrol
45:25 Conscription
45:27 Leather Archer Armor
47:38 Chemistry
48:33 Elite Kipchak
51:04 Steppe Husbandry
51:28 Scale Barding Armor
51:35 Forging
50:49 Light Cavalry
s316aac
0:26 Loom
10:14 Feudal Age
14:33 Castle Age
13:52 Double-Bit Axe
13:49 Horse Collar
15:45 Bow Saw
21:52 Heavy Plow
24:22 Wheelbarrow
24:09 Treadmill Crane
27:39 Hand Cart
27:09 Town Watch
31:04 Imperial Age
28:54 Forging
28:39 Arson
28:54 Squires
29:31 Scale Mail Armor
29:44 Town Patrol
30:43 Chain Mail Armor
31:07 Iron Casting
31:58 Chain Mail Armor
33:11 Stone Mining
33:12 Gold Mining
33:22 Murder Holes
36:30 Conscription
37:56 Blast Furnace
37:27 Plate Mail Armor
37:05 Scale Barding Armor
36:52 Elite Jarl
36:53 Vendel Legacy
38:43 Siege Engineers
39:00 Ballistics
40:55 Chain Barding Armor
40:28 Guard Tower
40:58 Ballistics
41:39 Chemistry
40:49 Masonry
41:18 Husbandry
41:28 Bloodlines
41:12 Fletching
43:28 Bodkin Arrow
43:33 Padded Archer Armor
44:11 Plate Barding Armor
45:36 Architecture
45:10 Bracer
49:44 Light Cavalry
51:13 Hussar
白桵
13:03 Feudal Age
18:42 Castle Age
16:48 Double-Bit Axe
16:52 Horse Collar
17:40 Gold Mining
18:07 Stone Mining
19:51 Wheelbarrow
19:12 Loom
30:28 Stone Shaft Mining
37:15 Imperial Age
35:22 Devotion
36:35 Caravan
36:57 Hand Cart
37:00 Bow Saw
36:55 Heavy Plow
37:28 Forging
37:18 Scale Mail Armor
38:25 Conscription
38:50 Iron Casting
39:03 Crop Rotation
39:35 Two-Man Saw
38:44 Siege Engineers
38:53 Elite Teutonic Knight
42:07 Blast Furnace
41:23 Chain Mail Armor
40:58 Fletching
41:58 Ballistics
41:56 Pikeman
42:38 Squires
42:23 Gambesons
42:24 Arson
44:26 Halberdier
45:58 Plate Mail Armor
48:11 Onager
49:23 Ironclad
50:05 Bodkin Arrow
51:16 Chemistry
49:50 Siege Onager
白仔
11:11 Feudal Age
12:12 Double-Bit Axe
14:49 Castle Age
15:46 Wheelbarrow
14:55 Horse Collar
15:13 Gold Mining
22:13 Scale Barding Armor
24:30 Hand Cart
24:00 Loom
24:25 Heavy Plow
24:38 Bow Saw
26:22 Hand Cart
26:23 Forging
27:10 Bloodlines
27:00 Husbandry
27:07 Husbandry
27:08 Town Watch
27:50 Light Cavalry
29:18 Devotion
31:24 Iron Casting
36:19 Imperial Age
34:48 Gold Shaft Mining
34:34 Fletching
34:44 Padded Archer Armor
36:45 Bodkin Arrow
37:05 Leather Archer Armor
37:35 Conscription
37:39 Bracer
38:09 Ballistics
38:51 Chemistry
39:42 Thumb Ring
40:04 Parthian Tactics
39:26 Heavy Camel Rider
40:48 Murder Holes
41:10 Stone Mining
44:39 Chain Barding Armor
45:20 Blast Furnace
47:44 Elite Mangudai
51:45 Hussar
SimbaSKYwalker
0:28 Loom
9:51 Feudal Age
16:07 Castle Age
18:31 Fervor
20:37 Double-Bit Axe
27:44 Horse Collar
30:11 Wheelbarrow
29:23 Town Watch
32:46 Imperial Age
31:12 Hand Cart
31:12 Hand Cart
31:41 Forging
31:31 Scale Mail Armor
31:41 Forging
31:31 Scale Mail Armor
33:55 Iron Casting
33:35 Chain Mail Armor
33:26 Scale Barding Armor
33:37 Bloodlines
33:27 Husbandry
32:48 Cavalier
35:05 Chemistry
34:26 Ballistics
34:01 Fletching
34:11 Padded Archer Armor
33:44 Man-at-Arms
34:27 Light Cavalry
35:33 Conscription
35:06 Gambesons
35:21 Squires
35:41 Bow Saw
35:34 Heavy Plow
36:24 Padded Archer Armor
37:25 Blast Furnace
36:35 Elite Skirmisher
37:22 Thumb Ring
37:47 Leather Archer Armor
37:27 Bodkin Arrow
37:48 Leather Archer Armor
38:03 Plate Mail Armor
38:26 Town Patrol
39:36 Two-Man Saw
38:28 Stone Mining
38:28 Gold Mining
38:35 Gold Mining
39:00 Pikeman
39:26 Arson
40:58 Paladin
41:27 Long Swordsman
41:28 Halberdier
46:59 Elite Conquistador
49:40 Heavy Mounted Crossbowman
brandon102372
11:02 Feudal Age
15:05 Castle Age
13:28 Double-Bit Axe
13:54 Horse Collar
14:40 Man-at-Arms
15:31 Arson
16:21 Scale Mail Armor
25:02 Chain Mail Armor
37:25 Imperial Age
37:35 Forging
38:16 Chieftains
37:52 Elite Skirmisher
38:36 Fletching
39:23 Iron Casting
39:23 Bodkin Arrow
40:12 Elite Varangian Guard
48:52 Bow Saw
48:43 Heavy Plow
48:37 Gold Mining
51:12 Capped Ram
seanlin
12:05 Feudal Age
17:38 Castle Age
17:31 Double-Bit Axe
18:29 Bow Saw
27:15 Forging
27:11 Scale Barding Armor
31:17 Chain Barding Armor
31:33 Iron Casting
33:50 Gold Mining
36:35 Imperial Age
34:31 Husbandry
37:58 Plate Barding Armor
38:23 Blast Furnace
36:50 Cavalier
39:05 Paladin
42:08 Gold Shaft Mining
42:14 Conscription
ianchen0930
11:21 Feudal Age
14:57 Castle Age
12:51 Double-Bit Axe
13:55 Horse Collar
15:04 Loom
16:20 Bow Saw
25:07 Redemption
29:04 Redemption
29:10 Town Watch
30:01 Wheelbarrow
30:06 Wheelbarrow
36:25 Imperial Age
33:28 Pikeman
35:13 Hand Cart
35:46 Scale Mail Armor
35:56 Forging
35:48 Squires
37:17 Chain Mail Armor
37:21 Siege Engineers
37:17 Heavy Scorpion
Connection lost

Rejoining the realm…

Still unreachable

The connection could not be restored.

Session expired

The server has moved on; the page needs a fresh start.